| TOP OF THE 1ST |
|
Nashville Sounds batting - Pitching for Toledo Mud Hens : RHP Nate Mull
|
|
Pitching: RHP Nate Mull
|
|
|
Batting: SHB Robert Santiago
|
0-0: Foul Ball, location: 2F 0-1: Swinging Strike 0-2: Ball 1-2: Ball 2-2: Fly out, F9 (Line Drive, 89M, EV 86.2 MPH)
|
|
Batting: LHB Tomas Segarra
|
0-0: Ground out U3 (Groundball, 3L, EV 83.1 MPH)
|
|
Batting: RHB Tim Cordle
|
0-0: SINGLE (Line Drive, 6MD, EV 101.2 MPH)
|
|
Batting: RHB Bill Cabrera
|
0-0: Ball 1-0: Called Strike 1-1: Swinging Strike 1-2: Ball 2-2: Foul Ball, location: 2F 2-2: Ball 3-2: Ground out 6-3 (Groundball, 6, EV 102.5 MPH)
|
| Top of the 1st over - 0 runs, 1 hit, 0 errors, 1 left on base; Nashville 0 - Toledo 0 |
| BOTTOM OF THE 1ST |
|
Toledo Mud Hens batting - Pitching for Nashville Sounds : RHP Victor Sanchez
|
|
Pitching: RHP Victor Sanchez
|
|
|
Batting: RHB Sam Saunders
|
0-0: Ball 1-0: Bunt missed! 1-1: SINGLE (Groundball, 3D, EV 105.6 MPH)
|
|
Batting: RHB Willis Morales
|
0-0: Ball Wild Pitch! Sam Saunders to second 1-0: Foul Ball, location: 2F 1-1: Foul Ball, location: 2F 1-2: Ball 2-2: Foul Ball, location: 2F 2-2: Foul Ball, location: 2F 2-2: Strikes out looking
|
|
Batting: LHB Bill Ford
|
0-0: Ball 1-0: Ball 2-0: Called Strike 2-1: Fly out, F8 (Flyball, 8LD, EV 95.0 MPH)
|
|
Batting: RHB Trevor Mock
|
0-0: Foul Ball, location: 2F 0-1: Foul Ball, location: 2F 0-2: Foul Ball, location: 2F 0-2: Ball 1-2: Ball 2-2: Ball 3-2: Strikes out swinging
|
| Bottom of the 1st over - 0 runs, 1 hit, 0 errors, 1 left on base; Nashville 0 - Toledo 0 |
| TOP OF THE 2ND |
|
Nashville Sounds batting - Pitching for Toledo Mud Hens : RHP Nate Mull
|
|
Batting: LHB Gregg Power
|
0-0: Ball 1-0: Ball 2-0: Ball 3-0: Swinging Strike 3-1: Foul Ball, location: 2F 3-2: Strikes out swinging
|
|
Batting: RHB David Herrera
|
0-0: Called Strike 0-1: Foul Ball, location: 2F 0-2: Ground out 6-3 (Groundball, 6, EV 78.1 MPH)
|
|
Batting: RHB Wade Diamond
|
0-0: Ball 1-0: Ball 2-0: Called Strike 2-1: SINGLE (Line Drive, 3D, EV 103.8 MPH)
|
|
Batting: RHB Yonetoshi Muranaka
|
0-0: Called Strike 0-1: Ball 1-1: Ground out 5-3 (Groundball, 56S, EV 85.0 MPH)
|
| Top of the 2nd over - 0 runs, 1 hit, 0 errors, 1 left on base; Nashville 0 - Toledo 0 |
| BOTTOM OF THE 2ND |
|
Toledo Mud Hens batting - Pitching for Nashville Sounds : RHP Victor Sanchez
|
|
Batting: RHB Josh Lyon
|
0-0: Ball 1-0: Ball 2-0: Ball 3-0: Base on Balls
|
|
Batting: RHB Sergio Zamora
|
0-0: Ball 1-0: Ball 2-0: Foul Ball, location: 2F 2-1: Fly out, F3 (Popup, 3, EV 80.6 MPH)
|
|
Batting: RHB Tony Soto
|
0-0: Called Strike 0-1: Swinging Strike 0-2: Fly out, F9 (Flyball, 9LD, EV 86.9 MPH)
|
|
Batting: RHB Adam MacConnell
|
0-0: Called Strike 0-1: Swinging Strike 0-2: Ball 1-2: Ground out 5-3 (Groundball, 56S, EV 70.6 MPH)
|
| Bottom of the 2nd over - 0 runs, 0 hits, 0 errors, 1 left on base; Nashville 0 - Toledo 0 |
| TOP OF THE 3RD |
|
Nashville Sounds batting - Pitching for Toledo Mud Hens : RHP Nate Mull
|
|
Batting: RHB Tony Crespo
|
0-0: Called Strike 0-1: Ball 1-1: Ball 2-1: Foul Ball, location: 2F 2-2: Strikes out swinging
|
|
Batting: SHB Robert Santiago
|
0-0: Ball 1-0: Foul Ball, location: 2F 1-1: Ball 2-1: Swinging Strike 2-2: Strikes out swinging
|
|
Batting: LHB Tomas Segarra
|
0-0: Foul Ball, location: 2F 0-1: Ground out 6-3 (Groundball, 6, EV 98.1 MPH)
|
| Top of the 3rd over - 0 runs, 0 hits, 0 errors, 0 left on base; Nashville 0 - Toledo 0 |
| BOTTOM OF THE 3RD |
|
Toledo Mud Hens batting - Pitching for Nashville Sounds : RHP Victor Sanchez
|
|
Batting: RHB Carlos Armenteros
|
0-0: Ball 1-0: Foul Ball, location: 2F 1-1: Bunt for hit to 2R - play at first, batter OUT! 2-3
|
|
Batting: RHB Sam Saunders
|
0-0: Called Strike 0-1: Swinging Strike 0-2: Fly out, F9 (Flyball, 9S, EV 90.0 MPH)
|
|
Batting: RHB Willis Morales
|
0-0: Ball 1-0: Ground out 5-3 (Groundball, 56, EV 101.2 MPH)
|
| Bottom of the 3rd over - 0 runs, 0 hits, 0 errors, 0 left on base; Nashville 0 - Toledo 0 |
| TOP OF THE 4TH |
|
Nashville Sounds batting - Pitching for Toledo Mud Hens : RHP Nate Mull
|
|
Batting: RHB Tim Cordle
|
0-0: Called Strike 0-1: Ground out 6-3 (Groundball, 6, EV 98.8 MPH)
|
|
Batting: RHB Bill Cabrera
|
0-0: Ball 1-0: Ball 2-0: Foul Ball, location: 2F 2-1: Foul Ball, location: 2F 2-2: Strikes out looking
|
|
Batting: LHB Gregg Power
|
0-0: Called Strike 0-1: Ball 1-1: Fly out, F5 (Popup, 6, EV 75.6 MPH)
|
| Top of the 4th over - 0 runs, 0 hits, 0 errors, 0 left on base; Nashville 0 - Toledo 0 |
| BOTTOM OF THE 4TH |
|
Toledo Mud Hens batting - Pitching for Nashville Sounds : RHP Victor Sanchez
|
|
Batting: LHB Bill Ford
|
0-0: Called Strike 0-1: Foul Ball, location: 2F 0-2: Foul Ball, location: 2F 0-2: Ball 1-2: Foul Ball, location: 2F 1-2: Strikes out swinging
|
|
Batting: RHB Trevor Mock
|
0-0: Ball 1-0: SINGLE (Groundball, 5S, EV 66.2 MPH) (infield hit)
|
|
Batting: RHB Josh Lyon
|
0-0: Ball Trevor Mock steals 2nd base 1-0: Foul Ball, location: 2F 1-1: Ball 2-1: Ball 3-1: Ground out 3-1 (Groundball, 34, EV 85.6 MPH) Trevor Mock to third
|
|
Batting: RHB Sergio Zamora
|
0-0: Foul Ball, location: 2F 0-1: Swinging Strike 0-2: Ground out 5-3 (Groundball, 56, EV 88.1 MPH)
|
| Bottom of the 4th over - 0 runs, 1 hit, 0 errors, 1 left on base; Nashville 0 - Toledo 0 |
| TOP OF THE 5TH |
|
Nashville Sounds batting - Pitching for Toledo Mud Hens : RHP Nate Mull
|
|
Batting: RHB David Herrera
|
0-0: SINGLE (Line Drive, 78S, EV 90.0 MPH)
|
|
Batting: RHB Wade Diamond
|
0-0: Ball 1-0: Foul Ball, location: 2F 1-1: Ball 2-1: Fly out, F3 (Popup, 3F, EV 77.5 MPH)
|
|
Batting: RHB Yonetoshi Muranaka
|
0-0: Swinging Strike 0-1: Ball 1-1: Fly out, F9 (Flyball, 89S, EV 90.0 MPH)
|
|
Batting: RHB Tony Crespo
|
0-0: Ball 1-0: Ball 2-0: Called Strike 2-1: SINGLE (Groundball, 5S, EV 70.0 MPH) (infield hit) David Herrera to second
|
|
Batting: SHB Robert Santiago
|
0-0: Reached on error, E5 (Groundball, 6, EV 90.6 MPH) David Herrera to third Tony Crespo to second
|
|
Batting: LHB Tomas Segarra
|
0-0: Swinging Strike 0-1: Foul Ball, location: 2F 0-2: Strikes out looking
|
| Top of the 5th over - 0 runs, 2 hits, 1 error, 3 left on base; Nashville 0 - Toledo 0 |
| BOTTOM OF THE 5TH |
|
Toledo Mud Hens batting - Pitching for Nashville Sounds : RHP Victor Sanchez
|
|
Batting: RHB Tony Soto
|
0-0: Foul Ball, location: 2F 0-1: Called Strike 0-2: Ball 1-2: Strikes out swinging
|
|
Batting: RHB Adam MacConnell
|
0-0: Ball 1-0: SINGLE (Groundball, 4D, EV 99.4 MPH)
|
|
Batting: RHB Carlos Armenteros
|
0-0: Called Strike 0-1: Called Strike 0-2: Ball 1-2: Foul Ball, location: 2F 1-2: Ball Adam MacConnell is caught stealing 2nd base 2-4 2-2: Foul Ball, location: 2F 2-2: SINGLE (Flyball, 34D, EV 91.9 MPH)
|
|
Batting: RHB Sam Saunders
|
0-0: Called Strike Carlos Armenteros steals 2nd base 0-1: Called Strike 0-2: Foul Ball, location: 2F 0-2: Fly out, F7 (Flyball, 7D, EV 77.5 MPH)
|
| Bottom of the 5th over - 0 runs, 2 hits, 0 errors, 1 left on base; Nashville 0 - Toledo 0 |
| TOP OF THE 6TH |
|
Nashville Sounds batting - Pitching for Toledo Mud Hens : RHP Nate Mull
|
|
Batting: RHB Tim Cordle
|
0-0: Called Strike 0-1: Swinging Strike 0-2: Strikes out looking
|
|
Batting: RHB Bill Cabrera
|
0-0: Ball 1-0: Foul Ball, location: 2F 1-1: SINGLE (Line Drive, 6MD, EV 94.4 MPH)
|
|
Batting: LHB Gregg Power
|
0-0: Called Strike 0-1: Called Strike 0-2: SINGLE (Groundball, 4D, EV 97.5 MPH) Bill Cabrera to second Runner from 2nd tries for 3rd, OUT! 8-5
|
|
Batting: RHB David Herrera
|
0-0: Fielders Choice at 2nd, 6-4 (Groundball, 6, EV 78.8 MPH)
|
| Top of the 6th over - 0 runs, 2 hits, 0 errors, 1 left on base; Nashville 0 - Toledo 0 |
| BOTTOM OF THE 6TH |
|
Toledo Mud Hens batting - Pitching for Nashville Sounds : RHP Victor Sanchez
|
|
Batting: RHB Willis Morales
|
0-0: SINGLE (Line Drive, 6MD, EV 101.2 MPH)
|
|
Batting: LHB Bill Ford
|
0-0: Called Strike Willis Morales steals 2nd base (no throw) 0-1: Foul Ball, location: 2F 0-2: Ball 1-2: Ball 2-2: Strikes out swinging
|
|
Pitching: RHP Ben Voorhees
|
|
|
Batting: RHB Trevor Mock
|
0-0: Called Strike Willis Morales steals 3rd base (no throw) 0-1: Ball 1-1: Ball 2-1: SINGLE (Line Drive, 56D, EV 95.6 MPH) Willis Morales scores
|
|
Batting: RHB Josh Lyon
|
0-0: Ball 1-0: Called Strike 1-1: Called Strike 1-2: SINGLE (Groundball, 34D, EV 96.2 MPH) Trevor Mock to second Runner from 2nd tries for 3rd, SAFE, throw by RF made to third
|
|
Batting: RHB Sergio Zamora
|
0-0: Ball 1-0: Foul Ball, location: 2F 1-1: Called Strike 1-2: Ball 2-2: Foul Ball, location: 2F 2-2: Ground out 5-3 (Groundball, 56S, EV 80.6 MPH) Josh Lyon to second
|
|
Batting: RHB Tony Soto
|
0-0: Fly out, F8 (Line Drive, 8RD, EV 85.6 MPH)
|
| Bottom of the 6th over - 1 run, 3 hits, 0 errors, 2 left on base; Nashville 0 - Toledo 1 |
| TOP OF THE 7TH |
|
Nashville Sounds batting - Pitching for Toledo Mud Hens : RHP Nate Mull
|
|
Pitching: RHP Ruben Arana
|
|
|
Batting: RHB Wade Diamond
|
0-0: Ball 1-0: Ball 2-0: Ball 3-0: Called Strike 3-1: SINGLE (Groundball, 4MD, EV 104.4 MPH)
|
|
Batting: RHB Yonetoshi Muranaka
|
0-0: Ball Wild Pitch! Wade Diamond to second 1-0: Called Strike 1-1: Foul Ball, location: 2F 1-2: Foul Ball, location: 2F 1-2: Foul Ball, location: 2F 1-2: Ball 2-2: Strikes out swinging
|
|
Batting: RHB Tony Crespo
|
0-0: Ball 1-0: Foul Ball, location: 2F 1-1: Called Strike 1-2: Fly out, F9 (Flyball, 89S, EV 78.8 MPH)
|
|
Batting: SHB Robert Santiago
|
0-0: Ball 1-0: Foul Ball, location: 2F 1-1: Foul Ball, location: 2F 1-2: Ball 2-2: Ball 3-2: Strikes out swinging
|
| Top of the 7th over - 0 runs, 1 hit, 0 errors, 1 left on base; Nashville 0 - Toledo 1 |
| BOTTOM OF THE 7TH |
|
Toledo Mud Hens batting - Pitching for Nashville Sounds : RHP Ben Voorhees
|
|
Batting: RHB Adam MacConnell
|
0-0: Called Strike 0-1: Ball 1-1: Foul Ball, location: 2F 1-2: Strikes out swinging
|
|
Batting: RHB Carlos Armenteros
|
0-0: Ball 1-0: Ball 2-0: Called Strike 2-1: Swinging Strike 2-2: Foul Ball, location: 2F 2-2: Strikes out swinging
|
|
Batting: RHB Sam Saunders
|
0-0: Ball 1-0: Called Strike 1-1: Ball 2-1: Ball 3-1: Swinging Strike 3-2: Foul Ball, location: 2F 3-2: Fly out, F7 (Flyball, 7LS, EV 79.4 MPH)
|
| Bottom of the 7th over - 0 runs, 0 hits, 0 errors, 0 left on base; Nashville 0 - Toledo 1 |
| TOP OF THE 8TH |
|
Nashville Sounds batting - Pitching for Toledo Mud Hens : RHP Ruben Arana
|
|
Pitching: LHP Ben Saunders
|
|
|
Batting: LHB Tomas Segarra
|
0-0: Swinging Strike 0-1: Swinging Strike 0-2: Ball 1-2: Ball 2-2: Ball 3-2: Base on Balls
|
|
Batting: RHB Tim Cordle
|
0-0: Ball 1-0: Called Strike 1-1: Ball 2-1: SINGLE (Line Drive, 78S, EV 105.0 MPH) Tomas Segarra to second
|
|
Batting: RHB Bill Cabrera
|
0-0: Fly out, F7 (Line Drive, 7, EV 93.8 MPH)
|
|
Batting: RHB Jonathan Ellis
|
0-0: Ball 1-0: Called Strike 1-1: Ball 2-1: Ball 3-1: Foul Ball, location: 2F 3-2: Base on Balls Tomas Segarra to third Tim Cordle to second
|
|
Batting: RHB David Herrera
|
0-0: Ball 1-0: Foul Ball, location: 2F 1-1: Swinging Strike 1-2: Strikes out swinging
|
|
Batting: RHB Wade Diamond
|
0-0: Ball 1-0: Called Strike 1-1: Ball 2-1: Ball 3-1: Called Strike 3-2: Strikes out swinging
|
| Top of the 8th over - 0 runs, 1 hit, 0 errors, 3 left on base; Nashville 0 - Toledo 1 |
| BOTTOM OF THE 8TH |
|
Toledo Mud Hens batting - Pitching for Nashville Sounds : RHP Ben Voorhees
|
|
Pitching: LHP Katsumi Takaki
|
|
|
Batting: RHB Willis Morales
|
0-0: Ball 1-0: Ball 2-0: Called Strike 2-1: Called Strike 2-2: Strikes out looking
|
|
Batting: LHB Bill Ford
|
0-0: Ball 1-0: Ball 2-0: Swinging Strike 2-1: Swinging Strike 2-2: Strikes out swinging
|
|
Batting: RHB Trevor Mock
|
0-0: Ball 1-0: Ball 2-0: Ground out 6-3 (Groundball, 6, EV 105.0 MPH)
|
| Bottom of the 8th over - 0 runs, 0 hits, 0 errors, 0 left on base; Nashville 0 - Toledo 1 |
| TOP OF THE 9TH |
|
Nashville Sounds batting - Pitching for Toledo Mud Hens : LHP Ben Saunders
|
|
Pitching: RHP John Evancho
|
|
|
Batting: RHB Yonetoshi Muranaka
|
0-0: Ball 1-0: Ground out 6-3 (Groundball, 6S, EV 85.6 MPH)
|
|
Pinch Hitting: LHB Al Hernandez
|
0-0: Ball 1-0: Foul Ball, location: 2F 1-1: Ball 2-1: Foul Ball, location: 2F 2-2: Ground out 4-3 (Groundball, 4, EV 91.9 MPH)
|
|
Batting: SHB Robert Santiago
|
0-0: Fly out, F9 (Flyball, 89M, EV 88.1 MPH)
|
| Top of the 9th over - 0 runs, 0 hits, 0 errors, 0 left on base; Nashville 0 - Toledo 1 |
|